General information
- name: BNet
- type: Ladder team game (AT/RT)
- host: Battle.net
- saver: SouIgambler
map: Deadlands
- players: 8
- length: 36:23
- speed: Fast
- version: 1.26 W3XP
- replay type: Public
» download(199 KB)
Players
team 1 (winner)
conmaster (
red | 29 APM | 1069 actions | 36:22)
6 Archmage
3 Summon Water Elemental
1 Brilliance Aura
1 Blizzard
1 Mass Teleport
» actions
| Basic commands | 154 | |
| Build / train | 91 | |
| ESC pressed | 3 | |
| Enter build submenu | 25 | |
| Enter hero's abilities submenu | 7 | |
| Give item / drop item | 4 | |
| Right click | 291 | |
| Select / deselect | 415 | |
| Use ability | 79 | |
1069 total
» units
| Peasant | 19 | |
| Footman | 4 | |
| Rifleman | 24 | |
| Priest | 10 | |
| Sorceress | 2 | |
59 total
» upgrades
| Gunpowder | 3 | |
| Masonry | 3 | |
| Lumber Harvesting | 2 | |
| Long Rifles | 1 | |
| Armor | 2 | |
| Priest Training | 2 | |
13 total
» buildings
| Altar of Kings | 1 | |
| Farm | 10 | |
| Lumber Mill | 1 | |
| Barracks | 2 | |
| Blacksmith | 1 | |
| Keep | 1 | |
| Town Hall | 2 | |
| Scout Tower | 4 | |
| Guard Tower | 1 | |
| Arcane Tower | 2 | |
| Castle | 1 | |
| Arcane Sanctum | 2 | |
| Arcane Vault | 1 | |
29 total
» build order
00:45 Altar of Kings
01:00 Farm
01:21 Lumber Mill
01:41 Farm
01:53 Barracks
02:21 Barracks
02:45 Blacksmith
02:58 Farm
03:38 Farm
03:43 Farm
04:40 Keep
05:57 Town Hall
06:01 Scout Tower
06:17 Scout Tower
06:33 Guard Tower
06:36 Scout Tower
07:01 Arcane Tower
07:24 Arcane Tower
09:57 Castle
11:40 Farm
11:48 Arcane Sanctum
12:22 Farm
13:17 Arcane Sanctum
13:21 Farm
14:12 Farm
15:15 Farm
17:40 Arcane Vault
18:31 Town Hall
21:53 Scout Tower
» items
| Staff of Teleportation | 1 | |
| Potion of Lesser Invulnerability | 2 | |
| Scroll of Protection | 2 | |
| Scroll of Town Portal | 1 | |
6 total
SouIgambler (
green | 91 APM | 3306 actions | 36:23)
10 Goblin Tinker
3 Pocket Factory
3 Engineering Upgrade
1 Robo-Goblin
3 Cluster Rockets
» actions
| Assign group hotkey | 134 | |
| Basic commands | 245 | |
| Build / train | 172 | |
| ESC pressed | 5 | |
| Enter build submenu | 60 | |
| Enter hero's abilities submenu | 10 | |
| Give item / drop item | 4 | |
| Right click | 1473 | |
| Select / deselect | 315 | |
| Select group hotkey | 716 | |
| Use ability | 172 | |
3306 total
» units
| Peasant | 19 | |
| Footman | 7 | |
| Gryphon Rider | 5 | |
| Goblin Shredder | 3 | |
| Dragonhawk Rider | 1 | |
35 total
» upgrades
| Masonry | 3 | |
| Swords | 3 | |
| Lumber Harvesting | 2 | |
| Armor | 3 | |
| Animal War Training | 1 | |
| Storm Hammers | 1 | |
| Cloud | 2 | |
15 total
» buildings
| Barracks | 1 | |
| Altar of Kings | 1 | |
| Farm | 9 | |
| Arcane Vault | 1 | |
| Lumber Mill | 1 | |
| Town Hall | 3 | |
| Scout Tower | 36 | |
| Arcane Tower | 3 | |
| Guard Tower | 55 | |
| Keep | 3 | |
| Blacksmith | 1 | |
| Castle | 4 | |
| Gryphon Aviary | 4 | |
122 total
» build order
00:50 Barracks
00:52 Altar of Kings
00:54 Farm
01:06 Farm
01:35 Farm
02:05 Farm
02:08 Arcane Vault
02:21 Lumber Mill
04:49 Town Hall
04:52 Scout Tower
04:55 Scout Tower
05:22 Arcane Tower
05:22 Guard Tower
05:41 Keep
05:41 Keep
06:01 Scout Tower
06:02 Scout Tower
06:02 Scout Tower
06:04 Scout Tower
06:04 Scout Tower
06:05 Scout Tower
06:26 Blacksmith
06:37 Guard Tower
06:37 Guard Tower
06:37 Guard Tower
06:37 Guard Tower
06:50 Guard Tower
06:51 Guard Tower
06:51 Guard Tower
06:53 Guard Tower
06:53 Guard Tower
06:58 Guard Tower
06:58 Guard Tower
07:44 Scout Tower
07:45 Scout Tower
08:06 Castle
08:07 Castle
08:31 Scout Tower
08:32 Scout Tower
08:32 Scout Tower
08:33 Scout Tower
08:34 Scout Tower
08:38 Scout Tower
08:54 Arcane Tower
08:54 Arcane Tower
08:54 Guard Tower
09:45 Gryphon Aviary
09:47 Gryphon Aviary
12:47 Farm
14:17 Farm
14:19 Farm
14:20 Farm
14:21 Farm
15:20 Scout Tower
15:20 Scout Tower
15:21 Scout Tower
15:22 Scout Tower
16:04 Guard Tower
17:25 Gryphon Aviary
17:26 Gryphon Aviary
18:53 Guard Tower
21:04 Guard Tower
21:04 Guard Tower
21:04 Guard Tower
21:09 Guard Tower
21:09 Guard Tower
21:16 Scout Tower
21:17 Scout Tower
21:20 Scout Tower
21:22 Guard Tower
21:23 Guard Tower
21:27 Scout Tower
21:37 Guard Tower
21:37 Guard Tower
21:37 Guard Tower
21:52 Scout Tower
21:53 Scout Tower
21:54 Scout Tower
21:55 Scout Tower
21:55 Scout Tower
21:56 Scout Tower
21:58 Guard Tower
21:58 Guard Tower
21:58 Guard Tower
22:02 Scout Tower
22:03 Scout Tower
22:07 Scout Tower
22:34 Guard Tower
22:34 Guard Tower
22:34 Guard Tower
22:41 Guard Tower
22:41 Guard Tower
25:18 Town Hall
25:26 Scout Tower
25:27 Scout Tower
25:29 Scout Tower
26:58 Guard Tower
28:03 Town Hall
» items
| Scroll of Regeneration | 7 | |
| Boots of Speed | 1 | |
| Staff of Teleportation | 1 | |
| Periapt of Vitality | 1 | |
| Scroll of Town Portal | 5 | |
| Staff of Sanctuary | 1 | |
| Orb of Corruption | 1 | |
| Ivory Tower | 4 | |
| Potion of Healing | 1 | |
22 total
MrNeven (
purple | 32 APM | 681 actions | 20:59)
3 Keeper of the Grove
1 Force of Nature
2 Thorns Aura
1 Demon Hunter
1 Immolation
1 Warden
1 Fan of Knives
» actions
| Assign group hotkey | 25 | |
| Basic commands | 9 | |
| Build / train | 42 | |
| Enter build submenu | 17 | |
| Enter hero's abilities submenu | 5 | |
| Remove unit from queue | 4 | |
| Right click | 225 | |
| Select / deselect | 173 | |
| Select group hotkey | 147 | |
| Use ability | 33 | |
681 total
» units
| Wisp | 7 | |
| Druid of the Talon | 3 | |
| Chimaera | 11 | |
21 total
» upgrades
| Druid of the Talon Training | 2 | |
| Corrosive Breath | 1 | |
3 total
» buildings
| Moon Well | 6 | |
| Altar of Elders | 1 | |
| Tree of Ages | 2 | |
| Hunter's Hall | 1 | |
| Ancient of Wonders | 1 | |
| Tree of Eternity | 1 | |
| Ancient of Wind | 1 | |
| Chimaera Roost | 2 | |
| Tree of Life | 1 | |
16 total
» build order
00:24 Moon Well
00:45 Altar of Elders
02:20 Tree of Ages
02:20 Tree of Ages
02:26 Hunter's Hall
02:39 Ancient of Wonders
03:13 Moon Well
04:14 Moon Well
04:42 Tree of Eternity
04:54 Ancient of Wind
05:22 Moon Well
07:09 Chimaera Roost
07:14 Chimaera Roost
09:53 Moon Well
10:46 Moon Well
12:29 Tree of Life
» items
| Scroll of Town Portal | 1 | |
| Orb of Venom | 1 | |
| Potion of Mana | 1 | |
3 total

»
Zerglett (
yellow | 34 APM | 719 actions | 21:19)
4 Death Knight
2 Death Coil
2 Unholy Aura
1 Lich
1 Frost Nova
» actions
| Assign group hotkey | 23 | |
| Basic commands | 113 | |
| Build / train | 56 | |
| Enter build submenu | 21 | |
| Enter hero's abilities submenu | 5 | |
| Give item / drop item | 2 | |
| Right click | 162 | |
| Select / deselect | 172 | |
| Select group hotkey | 125 | |
| Use ability | 40 | |
719 total
» units
| Acolyte | 8 | |
| Ghoul | 4 | |
| Crypt Fiend | 18 | |
| Obsidian Statue | 2 | |
32 total
» upgrades
| Creature Carapace | 3 | |
| Creature Attack | 3 | |
| Web | 1 | |
| Burrow | 1 | |
| Unholy Armor | 1 | |
9 total
» buildings
| Ziggurat | 7 | |
| Crypt | 3 | |
| Altar of Darkness | 2 | |
| Graveyard | 1 | |
| Tomb of Relics | 1 | |
| Nerubian Tower | 1 | |
| Halls of the Dead | 1 | |
| Sacrificial Pit | 1 | |
| Black Citadel | 1 | |
| Slaughterhouse | 1 | |
| Spirit Tower | 2 | |
| Necropolis | 2 | |
23 total
» build order
00:13 Ziggurat
00:28 Crypt
00:36 Altar of Darkness
01:12 Graveyard
01:49 Ziggurat
02:04 Crypt
03:02 Tomb of Relics
03:28 Ziggurat
03:57 Nerubian Tower
04:46 Halls of the Dead
06:06 Ziggurat
07:34 Sacrificial Pit
10:01 Black Citadel
11:39 Slaughterhouse
11:50 Ziggurat
14:58 Spirit Tower
18:22 Spirit Tower
19:33 Crypt
19:37 Ziggurat
20:33 Necropolis
20:41 Altar of Darkness
20:48 Ziggurat
21:12 Necropolis
» items
| Potion of Healing | 1 | |
| Scroll of Town Portal | 1 | |
| Orb of Corruption | 1 | |
3 total
team 2 (loser)
broche33 (
orange | 21 APM | 621 actions | 29:51)
4 Blademaster
1 Wind Walk
2 Critical Strike
1 Mirror Image
5 Tauren Chieftain
3 Endurance Aura
2 War Stomp
» actions
| Assign group hotkey | 12 | |
| Build / train | 46 | |
| Enter build submenu | 30 | |
| Enter hero's abilities submenu | 9 | |
| Right click | 178 | |
| Select / deselect | 220 | |
| Select group hotkey | 67 | |
| Use ability | 59 | |
621 total
» units
| Peon | 7 | |
| Shaman | 5 | |
| Troll Witch Doctor | 5 | |
| Tauren | 5 | |
22 total
» upgrades
| Shaman Training | 2 | |
| Witch Doctor Training | 2 | |
| Melee Weapons | 2 | |
| Armor | 1 | |
| Pulverize | 1 | |
8 total
» buildings
| Altar of Storms | 1 | |
| Orc Burrow | 14 | |
| Voodoo Lounge | 1 | |
| War Mill | 2 | |
| Stronghold | 1 | |
| Fortress | 1 | |
| Spirit Lodge | 2 | |
| Tauren Totem | 1 | |
| Great Hall | 2 | |
25 total
» build order
00:22 Altar of Storms
00:40 Orc Burrow
01:21 Voodoo Lounge
01:26 Orc Burrow
02:00 War Mill
02:05 War Mill
02:34 Orc Burrow
03:05 Stronghold
03:28 Orc Burrow
04:58 Orc Burrow
05:30 Fortress
05:37 Spirit Lodge
05:50 Spirit Lodge
05:59 Orc Burrow
06:56 Orc Burrow
07:54 Orc Burrow
09:33 Tauren Totem
18:26 Orc Burrow
19:52 Orc Burrow
21:25 Great Hall
21:54 Orc Burrow
23:35 Orc Burrow
23:40 Great Hall
24:30 Orc Burrow
26:48 Orc Burrow
» items
| Healing Salve | 1 | |
| Scroll of Town Portal | 2 | |
3 total
CreepInATShirt (
pink | 47 APM | 1702 actions | 36:22)
8 Archmage
3 Summon Water Elemental
3 Brilliance Aura
1 Mass Teleport
1 Blizzard
» actions
| Assign group hotkey | 48 | |
| Basic commands | 140 | |
| Build / train | 77 | |
| Enter build submenu | 50 | |
| Enter hero's abilities submenu | 8 | |
| Give item / drop item | 3 | |
| Remove unit from queue | 2 | |
| Right click | 705 | |
| Select / deselect | 404 | |
| Select group hotkey | 144 | |
| Use ability | 121 | |
1702 total
» units
| Peasant | 15 | |
| Footman | 5 | |
| Goblin Shredder | 1 | |
| Gryphon Rider | 6 | |
27 total
» upgrades
| Masonry | 3 | |
| Swords | 3 | |
| Armor | 3 | |
| Animal War Training | 1 | |
| Storm Hammers | 1 | |
| Cloud | 1 | |
| Gunpowder | | |
12 total
» buildings
| Altar of Kings | 1 | |
| Barracks | 1 | |
| Farm | 9 | |
| Keep | 1 | |
| Town Hall | 4 | |
| Lumber Mill | 1 | |
| Scout Tower | 31 | |
| Arcane Vault | 1 | |
| Guard Tower | 11 | |
| Castle | 1 | |
| Gryphon Aviary | 5 | |
| Blacksmith | 2 | |
68 total
» build order
00:36 Altar of Kings
00:38 Barracks
00:50 Farm
00:52 Farm
01:05 Farm
01:45 Farm
03:35 Keep
04:16 Town Hall
04:50 Lumber Mill
04:53 Scout Tower
04:55 Scout Tower
04:57 Scout Tower
04:59 Scout Tower
05:31 Arcane Vault
05:52 Guard Tower
05:54 Guard Tower
06:19 Guard Tower
07:30 Farm
07:35 Castle
07:56 Scout Tower
07:56 Scout Tower
07:57 Scout Tower
08:02 Scout Tower
08:03 Scout Tower
08:03 Scout Tower
08:05 Scout Tower
08:06 Scout Tower
09:42 Gryphon Aviary
09:42 Gryphon Aviary
09:43 Gryphon Aviary
09:44 Gryphon Aviary
09:48 Guard Tower
10:01 Gryphon Aviary
10:12 Blacksmith
10:13 Blacksmith
10:18 Guard Tower
11:41 Guard Tower
12:20 Farm
12:21 Farm
12:24 Farm
16:39 Town Hall
17:18 Scout Tower
17:24 Scout Tower
17:25 Scout Tower
17:25 Scout Tower
17:25 Scout Tower
17:26 Scout Tower
20:34 Guard Tower
21:59 Town Hall
22:07 Scout Tower
22:09 Scout Tower
22:11 Scout Tower
22:12 Scout Tower
22:15 Scout Tower
22:15 Scout Tower
22:26 Farm
22:46 Guard Tower
22:53 Scout Tower
22:53 Scout Tower
23:46 Guard Tower
24:59 Scout Tower
24:59 Scout Tower
24:59 Scout Tower
25:00 Scout Tower
25:00 Scout Tower
25:38 Guard Tower
25:41 Town Hall
25:46 Guard Tower
» items
| Scroll of Regeneration | 5 | |
| Potion of Healing | 1 | |
| Scroll of Town Portal | 3 | |
| Lesser Clarity Potion | 1 | |
| Potion of Mana | 1 | |
| Periapt of Vitality | 2 | |
| Staff of Teleportation | 1 | |
| Potion of Lesser Invulnerability | 1 | |
15 total
Doctor-Kanibus (
blue | 41 APM | 1215 actions | 29:18)
6 Mountain King
3 Storm Bolt
2 Bash
1 Avatar
» actions
| Assign group hotkey | 15 | |
| Build / train | 62 | |
| Enter build submenu | 34 | |
| Enter hero's abilities submenu | 6 | |
| Give item / drop item | 1 | |
| Right click | 579 | |
| Select / deselect | 267 | |
| Select group hotkey | 174 | |
| Use ability | 77 | |
1215 total
» units
| Peasant | 12 | |
| Footman | 7 | |
| Knight | 10 | |
| Dragonhawk Rider | 4 | |
33 total
» upgrades
| Swords | 3 | |
| Plating | 2 | |
| Lumber Harvesting | 2 | |
| Animal War Training | 1 | |
| Cloud | 1 | |
| Armor | 2 | |
11 total
» buildings
| Farm | 16 | |
| Altar of Kings | 1 | |
| Barracks | 2 | |
| Scout Tower | 6 | |
| Arcane Tower | 3 | |
| Blacksmith | 1 | |
| Lumber Mill | 1 | |
| Keep | 1 | |
| Arcane Vault | 1 | |
| Town Hall | 1 | |
| Castle | 1 | |
| Guard Tower | 3 | |
| Gryphon Aviary | 2 | |
39 total
» build order
00:09 Farm
00:20 Altar of Kings
00:22 Barracks
00:55 Farm
01:37 Farm
02:16 Farm
02:33 Scout Tower
03:04 Barracks
03:26 Arcane Tower
03:26 Arcane Tower
04:25 Blacksmith
04:28 Lumber Mill
05:05 Keep
05:43 Arcane Vault
06:22 Town Hall
07:01 Farm
07:29 Castle
07:48 Scout Tower
08:37 Scout Tower
09:06 Scout Tower
09:40 Scout Tower
09:45 Guard Tower
10:09 Scout Tower
10:32 Guard Tower
11:28 Farm
11:37 Guard Tower
12:00 Gryphon Aviary
12:10 Farm
13:02 Gryphon Aviary
13:21 Farm
14:51 Farm
14:56 Farm
16:57 Farm
17:31 Farm
17:48 Farm
20:56 Farm
20:58 Farm
22:23 Farm
» items
thatdudeagain (
teal | 57 APM | 1563 actions | 27:24)
6 Archmage
3 Summon Water Elemental
2 Brilliance Aura
1 Mass Teleport
5 Paladin
3 Holy Light
1 Divine Shield
1 Devotion Aura
3 Mountain King
2 Storm Bolt
1 Bash
» actions
| Assign group hotkey | 24 | |
| Basic commands | 19 | |
| Build / train | 120 | |
| Enter build submenu | 29 | |
| Enter hero's abilities submenu | 15 | |
| Give item / drop item | 3 | |
| Remove unit from queue | 1 | |
| Right click | 500 | |
| Select / deselect | 265 | |
| Select group hotkey | 445 | |
| Use ability | 142 | |
1563 total
» units
| Peasant | 14 | |
| Rifleman | 10 | |
| Goblin Shredder | 1 | |
| Priest | 4 | |
| Spell Breaker | 3 | |
| Flying Machine | 26 | |
| Siege Engine | 3 | |
| Knight | 3 | |
| Mortar Team | 1 | |
| Sorceress | 1 | |
66 total
» upgrades
| Gunpowder | 3 | |
| Priest Training | 2 | |
| Lumber Harvesting | 1 | |
| Flying Machine Bombs | 1 | |
| Flak Cannons | 1 | |
| Barrage | 1 | |
| Control Magic | 1 | |
| Magic Sentry | 1 | |
| Plating | 2 | |
| Swords | 2 | |
| Armor | 2 | |
| Sorceress Training | 1 | |
| Masonry | 1 | |
| Fragmentation Shards | 1 | |
| Flare | 1 | |
21 total
» buildings
| Altar of Kings | 1 | |
| Farm | 12 | |
| Barracks | 1 | |
| Blacksmith | 1 | |
| Arcane Vault | 1 | |
| Lumber Mill | 2 | |
| Keep | 1 | |
| Scout Tower | 3 | |
| Town Hall | 3 | |
| Castle | 1 | |
| Arcane Sanctum | 2 | |
| Workshop | 2 | |
| Guard Tower | 1 | |
31 total
» build order
00:06 Altar of Kings
00:08 Farm
01:06 Barracks
01:32 Blacksmith
01:37 Farm
02:24 Arcane Vault
02:32 Lumber Mill
02:51 Farm
04:49 Keep
04:54 Farm
04:56 Farm
05:47 Scout Tower
07:04 Town Hall
08:14 Castle
08:18 Farm
09:29 Arcane Sanctum
09:34 Farm
10:17 Arcane Sanctum
12:12 Scout Tower
12:47 Workshop
13:23 Workshop
13:28 Scout Tower
13:53 Farm
14:48 Town Hall
15:46 Farm
17:05 Farm
17:09 Guard Tower
17:48 Farm
21:11 Farm
21:56 Lumber Mill
27:07 Town Hall
» items
| Staff of Teleportation | 1 | |
| Boots of Speed | 1 | |
| Orb of Fire | 2 | |
| Staff of Sanctuary | 2 | |
| Scroll of Town Portal | 1 | |
7 total
Chat log
(00:06 / All) SouIgambler: God dammit this map again
(00:52 / Allies) Zerglett: howdy
(00:56 / All) CreepInATShirt: MASS MAGIC
(00:58 / Allies) SouIgambler: Hail
(01:05 / Allies) Zerglett: units?
(01:12 / Allies) conmaster: rifles
(01:12 / Allies) MrNeven: chims
(01:25 / Allies) Zerglett: green melee?
(01:25 / All) CreepInATShirt: MASSING MAGIC and gonna cast a spell that's gonna get this bitch HOTTER THAN THE POWER OF LOVE
(01:42 / All) Doctor-Kanibus: stop talking like that pink
(01:46 / All) Doctor-Kanibus: you just made me super wet
(02:06 / All) Doctor-Kanibus: brb gunna change my pants
(02:09 / All) CreepInATShirt: I'm just a creep in a tshirt, jeans I don't fucking care
(02:31 / Allies) Zerglett: purp?
(03:12 / Allies) SouIgambler: I can creep it myself
(05:26 / All) SouIgambler: lol
(05:27 / All) SouIgambler: wtf was that
(05:32 / Allies) Zerglett: ?
(05:33 / All) SouIgambler: level 1 harassing dumbass
(05:52 / All) Doctor-Kanibus: take it easy green
(05:55 / All) Doctor-Kanibus: we're all white here
(09:47 / All) MrNeven: wood?
(12:02 / Allies) Zerglett: purp get the expo
(15:20 / All) MrNeven: red wee ned help
(15:28 / Allies) conmaster: k
(19:24 / All) MrNeven: ghouls
(19:37 / All) CreepInATShirt: damn finally lost a bird
(21:29 / All) broche33: gg
(21:32 / All) broche33: suck it green
(21:33 / All) SouIgambler: "Not over yet
(21:43 / All) SouIgambler: You're also still shit and going to lose
(24:44 / All) SouIgambler: I'm laggy as shit lately no idea what is wrong with my WC3
(24:49 / All) SouIgambler: Also you still lost leave
(24:53 / All) broche33: hahahaha
(26:27 / All) SouIgambler: 1v4ed
(26:36 / All) Doctor-Kanibus: pinks tking us for some strange reason
(26:37 / All) broche33: not even a little
(26:48 / All) SouIgambler: You are 45-44 now orange
(27:11 / All) broche33: if you win it's cause our team tk'd not cause you won
(27:14 / All) Doctor-Kanibus: i couldve beaten your ass an won by now
(27:17 / All) SouIgambler: Yeah he's on my team not yours
(27:21 / All) SouIgambler: You could've
(27:23 / All) Doctor-Kanibus: but pinks an asshole
(27:27 / All) broche33: so there you go
(27:29 / All) SouIgambler: Bye
(27:30 / All) broche33: you didn't win
(27:32 / All) SouIgambler: Yes I did
(27:33 / All) broche33: it was bullshit
(27:35 / All) SouIgambler: i'm going to go 1-0
(27:35 / All) broche33: hahaha
(27:38 / All) SouIgambler: How does that make you feel?
(27:39 / All) broche33: 1v1
(27:41 / All) SouIgambler: okay
(27:46 / All) broche33: i feel great actually
(27:46 / All) SouIgambler: Meet in channel batman begins after
(27:52 / All) broche33: cause this game doesn't matter to me
(27:53 / All) SouIgambler: You'll dodge though
(27:56 / All) SouIgambler: then leave
(28:25 / All) broche33: lol you win cause you have a kid tk for you...yea dude you're incredible
(28:29 / All) SouIgambler: Yes I am
(28:36 / All) CreepInATShirt: lol
(28:40 / All) Doctor-Kanibus: you arent gunna hurt his feelings oj
(28:47 / All) broche33: oh that i don't care about
(28:54 / All) broche33: Long as he knows he didn't get the win himself
(28:56 / All) SouIgambler: Nice blademaster micro
(29:00 / All) SouIgambler: We were in a team
(29:04 / All) broche33: nice i'm not playing anymore
(29:07 / All) SouIgambler: Sure
(29:11 / All) broche33: just watching
(29:20 / All) SouIgambler: Are you having as much fun as I am?
(29:20 / All) broche33: go watch the replay dumbass I haven't moved in forever
(29:25 / All) broche33: so much fun omg
(29:48 / All) broche33: trash <3
(29:58 / All) SouIgambler: Welp
(29:59 / All) SouIgambler: Red still left
(30:03 / All) SouIgambler: but I think your team should lose anyway
(30:04 / Allies) conmaster: 80000 gold green
(30:13 / Allies) SouIgambler: We are going to kill you
(30:16 / Allies) SouIgambler: Stay you get a loss
(30:19 / Allies) SouIgambler: Leave you get a tie
(30:34 / Allies) conmaster: gold green
(30:39 / Allies) SouIgambler: You are getting the loss
(30:43 / Allies) SouIgambler: I am killing your stuff too
(30:52 / Allies) conmaster: need a hero
(31:02 / Allies) SouIgambler: No you don't you need to leave
(31:17 / Allies) SouIgambler: Go
(31:18 / Allies) SouIgambler: Out
(31:43 / All) SouIgambler: Red doesn't understand what we are doing at all
(31:47 / All) CreepInATShirt: lol
(31:55 / All) CreepInATShirt: he tried to use mass teleport when I was raining hell on him
(32:09 / All) CreepInATShirt: focused my 11 griffs and a hero, half health when he tried to use it
(32:29 / Allies) SouIgambler: Make it easy on us and leave
(32:31 / Allies) SouIgambler: stay you get a loss
(32:34 / Allies) SouIgambler: if you leave you get a tie
(32:39 / Allies) SouIgambler: So leave and you have ab etter record
(32:42 / Allies) SouIgambler: Better for everyone
(33:04 / Allies) SouIgambler: Red
(33:06 / Allies) SouIgambler: Are you there?
(33:38 / Allies) SouIgambler: Red
(33:40 / Allies) SouIgambler: Are you there?
(34:48 / All) CreepInATShirt: Leave red and you'll get a tie
(35:12 / All) SouIgambler: he trying to contro llast yellow acolyte lol
(35:12 / All) SouIgambler: Red
(35:14 / All) SouIgambler: You lose
(35:16 / All) SouIgambler: Leave you get a tie
(35:18 / All) SouIgambler: Stay you get a loss
(35:24 / All) SouIgambler: Leaving is the smarter option
(35:31 / All) SouIgambler: so you should be the smart man you are and leave
(35:48 / All) SouIgambler: Red
(35:54 / All) SouIgambler: Do you even speak english?
(36:14 / All) SouIgambler: Orange logged off he dodged